 Dungeon Crawl Stone Soup version 0.26.0-10-g1f06aea511 (webtiles) character file.

Game seed: 13367730115349901655

836 Goblin1989 the Ruffian (level 7, 0/61 HPs)
             Began as a Ghoul Fighter on Jan 24, 2021.
             Killed from afar by a centaur (9 damage)
             ... with a bolt of acid
             ... while paralysed
             ... on level 6 of the Dungeon.
             The game lasted 00:06:42 (5655 turns).

Goblin1989 the Ruffian (Ghoul Fighter)              Turns: 5655, Time: 00:06:42

Health: 0/61       AC:  5    Str: 19 (22) XL:     7   Next: 99%
Magic:  0/6        EV:  2    Int:  0 (3)  God:
Gold:   321        SH:  0    Dex:  6 (8)  Spells: 6/6 levels left

rFire    + . .     SeeInvis .     - Unarmed
rCold    + + .     Faith    .   b - +0 kite shield
rNeg     + + +     Spirit   +   a - +0 scale mail
rPois    ∞         Reflect  .   u - +2 hat
rElec    .         Harm     .   s - scarf {rC+ rF+}
rCorr    .         Rampage  .   (no gloves)
Will     .....                  (no boots)
Stlth    ..........             o - amulet of guardian spirit
HPRegen  0.00/turn              (no ring)
MPRegen  0.10/turn              (no ring)

@: paralysed, corroded, slowed, lost intelligence
A: claws 1, cold resistance 1, negative energy resistance 3, inhibited
regeneration, torment resistance, unbreathing
a: no special abilities


You were on level 6 of the Dungeon.
You visited 1 branch of the dungeon, and saw 6 of its levels.

You collected 321 gold pieces.

Inventory:

Missiles
 n - 7 boomerangs (quivered)
 r - 33 poisoned darts
Armour
 a - a +0 scale mail (worn)
 b - a +0 kite shield (worn)
 s - a scarf of resistance (worn)
 u - a +2 hat (worn)
Jewellery
 o - an amulet of guardian spirit (around neck)
Scrolls
 f - 3 scrolls of amnesia {unknown}
 i - 2 scrolls of remove curse {unknown}
 j - a scroll of enchant armour {unknown}
 k - 4 scrolls of teleportation {unknown}
 l - 6 scrolls of identify {unknown}
 p - a scroll of immolation {unknown}
 q - 3 scrolls of random uselessness {unknown}
 w - 2 scrolls of fear {unknown}
 x - a scroll of blinking {unknown}
Potions
 c - 2 potions of might {@q4}
 d - 3 potions of curing {@q1}
 e - 3 potions of degeneration
 g - 3 potions of flight {unknown}
 h - a potion of cancellation {unknown}
 m - 2 potions of ambrosia {unknown}
 t - 3 potions of resistance {unknown}
 v - a potion of mutation {unknown}


   Skills:
 + Level 5.3 Fighting
 + Level 4.3 Armour
 + Level 4.4 Shields
 * Level 6.4 Unarmed Combat


You had 6 spell levels left.
You didn't know any spells.
Your spell library was empty.

Dungeon Overview and Level Annotations

Branches:
Dungeon (6/15)
 Temple: D:4-7

Altars:
Ru
The Shining One

Shops:
D:5 =


Innate Abilities, Weirdness & Mutations

You thrive by killing the living.
You are immune to poison.
You have sharp fingernails.
Your flesh is cold resistant. (rC+)
You are immune to negative energy. (rN+++)
You do not regenerate when monsters are visible.
You are immune to unholy pain and torment.
You can survive without breathing.


Message History

You kill the shadow imp!
You block the shadow imp's attack.
You closely miss the shadow imp. You block the shadow imp's attack.
You claw the shadow imp!
You kill the shadow imp!
No target in view!
No target in view!
No target in view!
No target in view!
No target in view!
No target in view!
No target in view!
No target in view!
No target in view!
No target in view!
No target in view!
No target in view!
No target in view!
No target in view!
An orc comes into view. It is wielding a +0 dagger.
The orc shouts!
You hear a shout! x2
An adder comes into view.
A centaur comes into view. It is carrying a wand of acid (8).
Health restored: 61
There are monsters nearby!
There are monsters nearby!
There are monsters nearby!
An orc comes into view. It is wielding a +0 club.
The orc shouts!
The adder hisses angrily.
The centaur wields a +0 shortbow.
The centaur shoots an arrow.
The arrow hits you.
An orc comes into view. It is wielding a +0 club.
You take 2 damage, and have 59/61 hp.
The centaur shoots an arrow.
The arrow closely misses you.
The centaur shoots an arrow.
You block the arrow.
You see here 2 arrows.
The adder barely misses you. The adder closely misses you.
You barely miss the adder. You block the adder's attack.
Your scale mail prevents you from hitting the adder.
You block the adder's attack.
You scratch the adder.
The adder is heavily wounded.
You block the adder's attack.
Your shield and scale mail prevent you from hitting the adder.
The adder is heavily wounded.
The adder closely misses you. The adder bites you but does no damage.
You scratch the adder.
You kill the adder!
You feel better.
The centaur zaps a wand.
The bolt of acid misses you.
You closely miss the orc.
The centaur zaps a wand.
The bolt of acid hits the orc!!
The orc is splashed with acid.
The acid corrodes the orc!
The orc dies!
The bolt of acid hits you!
You are splashed with acid!
An orc comes into view.
The centaur zaps a wand.
The bolt of acid hits the orc!!
The orc is splashed with acid!
The acid corrodes the orc!
The orc dies!
The bolt of acid hits you!!
* * * LOW HITPOINT WARNING * * *
The acid corrodes you!
You are splashed with acid!
* * * LOW HITPOINT WARNING * * *
You are too injured to fight recklessly!
You are too injured to fight recklessly!
You are too injured to fight recklessly!
You take 49 damage, and have 10/61 hp.
MASSIVE DAMAGE!!
You now have 1/6 mp.
You are too injured to fight recklessly!
You are too injured to fight recklessly!
You are too injured to fight recklessly!
You are too injured to fight recklessly!
You are too injured to fight recklessly!
You are too injured to fight recklessly!
You are too injured to fight recklessly!
You are too injured to fight recklessly!
You are too injured to fight recklessly!
You are too injured to fight recklessly!
You are too injured to fight recklessly!
You are too injured to fight recklessly!
You are too injured to fight recklessly!
You are too injured to fight recklessly!
You are too injured to fight recklessly!
You are too injured to fight recklessly!
You are too injured to fight recklessly!
The centaur shoots an arrow.
The arrow hits you!
* * * LOW HITPOINT WARNING * * *
You see here an arrow.
You take 9 damage, and have 1/61 hp.
Unknown command.
It was a potion of curing.
You feel better.
You regained 8 hp, and now have 9/61 hp.
It was a potion of degeneration.
There was something very wrong with that liquid.
You feel weakened.
You feel dopey.
You have lost your intelligence.
You feel clumsy.
e - 3 potions of degeneration;
g - 3 dark potions The centaur zaps a wand.
The bolt of acid hits the orc!!
The orc is splashed with acid!
The orc dies!
The bolt of acid hits you!
You die...

██........███ █............
██......█████ ████..........
██..███......████.............
█..██ ██████........o(██......
██.██ ███████......██ ██...
██.██ ███....██.....██ █ █..█
█......███.c.██ ..██
██.......███)██ .██
█........@██.█ ██
██.........)c.█ .██
██............██ ..██
█.............█
...███.............██
....██..............█
..█████...........███ ███
██........███


██████████ You could see a centaur.

Vanquished Creatures
  2 ice beasts (D:6)
  A centaur (D:6)
  A bullfrog (D:6)
  A scorpion (D:4)
  A centaur zombie (D:6)
  2 orc priests (D:5)
  An orc wizard (D:5)
  A centaur skeleton (D:5)
  An iguana (D:4)
  3 worker ants
  A hound skeleton (D:4)
  3 gnolls (D:5)
  7 adders
  3 shadow imps
  5 worms
  3 dart slugs
  2 leopard geckos (D:4)
  A ball python (D:1)
  4 bats
  A giant cockroach (D:4)
  5 goblins
  10 hobgoblins
  6 jackals
  5 frilled lizards
  8 kobolds
  A leopard gecko skeleton (D:4)
  A quokka zombie (D:5)
  8 rats
88 creatures vanquished.

Vanquished Creatures (others)
  3 orcs (D:6)
  A plant (D:6)
4 creatures vanquished.

Grand Total: 92 creatures vanquished

Notes
Turn   | Place    | Note
-------+----------+-------------------------------------------
     0 | D:1      | Goblin1989 the Ghoul Fighter began the quest for the Orb.
     0 | D:1      | Reached XP level 1. HP: 19/19 MP: 0/0
   251 | D:1      | Reached XP level 2. HP: 26/26 MP: 1/1
  1001 | D:2      | Reached XP level 3. HP: 31/31 MP: 2/2
  1142 | D:2      | Reached skill level 3 in Unarmed Combat
  1207 | D:2      | Found a faded altar of an unknown god.
  1479 | D:2      | Reached XP level 4. HP: 40/40 MP: 3/3
  2534 | D:3      | Found a sacrificial altar of Ru.
  2976 | D:4      | Reached skill level 4 in Unarmed Combat
  2976 | D:4      | Reached XP level 5. HP: 18/46 MP: 1/4
  3670 | D:4      | Reached XP level 6. HP: 53/53 MP: 5/5
  4063 | D:5      | Entered Level 5 of the Dungeon
  4211 | D:5      | Found Recuec's Jewellery Shop.
  4618 | D:5      | Reached skill level 5 in Unarmed Combat
  4891 | D:5      | Reached XP level 7. HP: 40/60 MP: 3/6
  5208 | D:6      | Reached skill level 5 in Fighting
  5319 | D:6      | Reached skill level 6 in Unarmed Combat
  5510 | D:6      | Found a glowing golden altar of the Shining One.
  5651 | D:6      | HP: 1/61 [centaur/arrow (9)]
  5655 | D:6      | Lost intelligence.
  5655 | D:6      | Killed from afar by a centaur

Illustrated notes

Levels and vault maps discovered:
D:1:      eino_arrival_druids_welcome, layout_loops_corners, nrook_mini_vaults
D:2:      layout_loops_corners, chequers_ecumenical_altar_island
D:3:      layout_basic, nicolae_ru_the_path_less_chosen
D:4:      layout_layer_cave, minmay_goblin_kobold_house
D:5:      layout_layer_cave, minmay_shop_grid_forest
D:6:      layout_cave_pods, tso_metal_star, minmay_temple_entry_gardened_gates,
          chequers_serial_rivers_micro_e

Skill      XL: |  1  2  3  4  5  6  7 |
---------------+----------------------+-----
Armour         | 3 4 |  4.3
Shields        | 3 4 |  4.4
Unarmed Combat | 3 4 5 6 |  6.4
Fighting       | 4 5 |  5.3

Action                   |  1- 3 |  4- 6 |  7- 9 || total
-------------------------+-------+-------+-------++-------
Melee: Unarmed           |   124 |   193 |    55 ||   372
  Use: Potion            |       |       |     2 ||     2
Armor: Scale mail        |    46 |    66 |    26 ||   138
Dodge: Dodged            |    31 |    47 |    19 ||    97
Block: Kite shield       |    53 |    72 |    30 ||   155
